ITL
OTSEGO BULLDOGS @ AMARILLO ARCHDUKES
07/03/2026
 
TOP OF THE 1ST
Otsego Bulldogs batting - Pitching for Amarillo Archdukes : RHP Nick Parks
Pitching: RHP Nick Parks
Batting: RHB Luis Antonio Velásquez 0-0: Foul Ball, location: 2F
0-1: Ball
1-1: Ground out 4-3 (Groundball, 4)
Batting: RHB Felipe Rego 0-0: Foul Ball, location: 2F
0-1: Swinging Strike
0-2: Foul Ball, location: 2F
0-2: Foul Ball, location: 2F
0-2: Ball
1-2: Ball
2-2: Ball
3-2: Strikes out looking
Batting: LHB George Wood 0-0: Called Strike
0-1: SINGLE (Line Drive, 9S)
Batting: RHB Jesús Tisnado 0-0: Ball
1-0: Foul Ball, location: 2F
1-1: Ball
2-1: Ball
3-1: SINGLE (Line Drive, 78S)
George Wood to second
Batting: RHB Cristo García 0-0: Foul Ball, location: 2F
0-1: Foul Ball, location: 2F
0-2: Fly out, F7 (Flyball, 7M)
Top of the 1st over - 0 run(s), 2 hit(s), 0 error(s), 2 left on base; Otsego 0 - Amarillo 0
BOTTOM OF THE 1ST
Amarillo Archdukes batting - Pitching for Otsego Bulldogs : RHP Juan Moreno
Pitching: RHP Juan Moreno
Batting: LHB Jorge Martínez 0-0: SINGLE (Line Drive, 78S)
Batting: RHB Ronald Parsons 0-0: DOUBLE (Line Drive, 5L)
Jorge Martínez to third
Batting: LHB Chris Pryor 0-0: Ball
1-0: Called Strike
1-1: SINGLE (Line Drive, 3L)
Jorge Martínez scores
Ronald Parsons to third
Runner from 3rd tries for Home, throw and OUT!
Batting: RHB Tim Chambers 0-0: Called Strike
0-1: Called Strike
0-2: Strikes out looking
Batting: LHB Howard Lambert 0-0: Ball
1-0: Swinging Strike
1-1: Called Strike
1-2: Ball
2-2: Ball
3-2: Base on Balls
Chris Pryor to second
Batting: RHB Jorge Espinosa 0-0: Ball
1-0: Ball
2-0: Foul Ball, location: 2F
2-1: Foul Ball, location: 2F
2-2: Ball
3-2: Strikes out looking
Bottom of the 1st over - 1 run(s), 3 hit(s), 0 error(s), 2 left on base; Otsego 0 - Amarillo 1
TOP OF THE 2ND
Otsego Bulldogs batting - Pitching for Amarillo Archdukes : RHP Nick Parks
Batting: RHB Jim Beck 0-0: Called Strike
0-1: DOUBLE (Flyball, 7LD)
Batting: RHB José Martínez 0-0: Ball
1-0: Called Strike
1-1: Called Strike
1-2: Strikes out swinging
Batting: RHB Raúl Bauza 0-0: Ball
1-0: DOUBLE (Line Drive, 78D)
Jim Beck scores
Batting: LHB Martin Davis 0-0: Ball
1-0: SINGLE (Groundball, 6)
Raúl Bauza to third
Runner from 3rd tries for Home, SAFE, no throw or cutoff
Batting: RHB Luis Antonio Velásquez 0-0: Called Strike
0-1: Called Strike
0-2: Ball
1-2: Ground out 5-3 (Groundball, 56S)
Martin Davis to second
Batting: RHB Felipe Rego 0-0: Swinging Strike
0-1: Ball
1-1: Ball
2-1: Ball
3-1: Fly out, F4 (Popup, 4D)
Top of the 2nd over - 2 run(s), 3 hit(s), 0 error(s), 1 left on base; Otsego 2 - Amarillo 1
BOTTOM OF THE 2ND
Amarillo Archdukes batting - Pitching for Otsego Bulldogs : RHP Juan Moreno
Batting: RHB Nobuharu Hoshino 0-0: Swinging Strike
0-1: Swinging Strike
0-2: Foul Ball, location: 2F
0-2: Strikes out swinging
Batting: RHB José Tamayo 0-0: Fly out, F8 (Flyball, 8LD)
Batting: RHB Mark Roy 0-0: Ball
1-0: Called Strike
1-1: Swinging Strike
1-2: Foul Ball, location: 2F
1-2: Ball
2-2: Ball
3-2: Foul Ball, location: 2F
3-2: Foul Ball, location: 2F
3-2: Base on Balls
Batting: LHB Jorge Martínez 0-0: Ball
1-0: Called Strike
1-1: Ball
2-1: Ball
3-1: Foul Ball, location: 2F
3-2: Strikes out swinging
Bottom of the 2nd over - 0 run(s), 0 hit(s), 0 error(s), 1 left on base; Otsego 2 - Amarillo 1
TOP OF THE 3RD
Otsego Bulldogs batting - Pitching for Amarillo Archdukes : RHP Nick Parks
Batting: LHB George Wood 0-0: Ball
1-0: Ground out 4-3 (Groundball, 4M)
Batting: RHB Jesús Tisnado 0-0: Ball
1-0: SINGLE (Line Drive, 8LS)
Batting: RHB Cristo García 0-0: Ball
1-0: Called Strike
1-1: Ball
2-1: Foul Ball, location: 2F
2-2: Foul Ball, location: 2F
2-2: Foul Ball, location: 2F
2-2: Fly out, F9 (Flyball, 9S)
Batting: RHB Jim Beck 0-0: Called Strike
0-1: Ground out 6-3 (Groundball, 56S)
Top of the 3rd over - 0 run(s), 1 hit(s), 0 error(s), 1 left on base; Otsego 2 - Amarillo 1
BOTTOM OF THE 3RD
Amarillo Archdukes batting - Pitching for Otsego Bulldogs : RHP Juan Moreno
Batting: RHB Ronald Parsons 0-0: Called Strike
0-1: Ball
1-1: Ball
2-1: Swinging Strike
2-2: Strikes out swinging
Batting: LHB Chris Pryor 0-0: Called Strike
0-1: Called Strike
0-2: Foul Ball, location: 2F
0-2: Strikes out looking
Batting: RHB Tim Chambers 0-0: Ball
1-0: Called Strike
1-1: Ball
2-1: Swinging Strike
2-2: Foul Ball, location: 2F
2-2: Foul Ball, location: 2F
2-2: Strikes out swinging
Bottom of the 3rd over - 0 run(s), 0 hit(s), 0 error(s), 0 left on base; Otsego 2 - Amarillo 1
TOP OF THE 4TH
Otsego Bulldogs batting - Pitching for Amarillo Archdukes : RHP Nick Parks
Batting: RHB José Martínez 0-0: Ball
1-0: Called Strike
1-1: SINGLE (Groundball, 34S)
Batting: RHB Raúl Bauza 0-0: Called Strike
0-1: Ball
1-1: Ball
2-1: Swinging Strike
2-2: Foul Ball, location: 2F
2-2: Foul Ball, location: 2F
2-2: Strikes out looking
Batting: LHB Martin Davis 0-0: Ball
1-0: Foul Ball, location: 2F
1-1: Foul Ball, location: 2F
1-2: Ball
2-2: Ball
3-2: Foul Ball, location: 2F
3-2: Foul Ball, location: 2F
3-2: Foul Ball, location: 2F
3-2: Strikes out looking
Batting: RHB Luis Antonio Velásquez 0-0: Called Strike
0-1: Foul Ball, location: 2F
0-2: Fly out, F8 (Flyball, 8LM)
Top of the 4th over - 0 run(s), 1 hit(s), 0 error(s), 1 left on base; Otsego 2 - Amarillo 1
BOTTOM OF THE 4TH
Amarillo Archdukes batting - Pitching for Otsego Bulldogs : RHP Juan Moreno
Batting: LHB Howard Lambert 0-0: Ball
1-0: Foul Ball, location: 2F
1-1: SINGLE (Groundball, 3D)
Batting: RHB Jorge Espinosa 0-0: Fly out, F3 (Popup, 3F)
Batting: RHB Nobuharu Hoshino 0-0: Called Strike
0-1: Ball
1-1: Ball
2-1: Foul Ball, location: 2F
2-2: Foul Ball, location: 2F
2-2: Foul Ball, location: 2F
2-2: Strikes out swinging
Batting: RHB José Tamayo 0-0: Ball
1-0: DOUBLE (Line Drive, 7LM)
Howard Lambert to third
Batting: RHB Mark Roy 0-0: Foul Ball, location: 2F
0-1: 3-RUN HOME RUN (Flyball, 7D), Distance : 346 ft
Batting: LHB Jorge Martínez 0-0: SINGLE (Groundball, 56)
Batting: RHB Ronald Parsons 0-0: Ball
1-0: Called Strike
1-1: Foul Ball, location: 2F
1-2: Foul Ball, location: 2F
1-2: Strikes out swinging
Bottom of the 4th over - 3 run(s), 4 hit(s), 0 error(s), 1 left on base; Otsego 2 - Amarillo 4
TOP OF THE 5TH
Otsego Bulldogs batting - Pitching for Amarillo Archdukes : RHP Nick Parks
Batting: RHB Felipe Rego 0-0: Ball
1-0: Ball
2-0: Called Strike
2-1: Foul Ball, location: 2F
2-2: Foul Ball, location: 2F
2-2: Ground out 5-3 (Groundball, 56S)
Batting: LHB George Wood 0-0: Ball
1-0: Foul Ball, location: 2F
1-1: Ground out 4-3 (Groundball, 4)
Batting: RHB Jesús Tisnado 0-0: Called Strike
0-1: Ball
1-1: Swinging Strike
1-2: SINGLE (Groundball, 6MD)
Batting: RHB Cristo García 0-0: Ball
1-0: Ball
2-0: Ball
3-0: Called Strike
3-1: Called Strike
3-2: Foul Ball, location: 2F
3-2: SINGLE (Groundball, 56D)
Jesús Tisnado to second
Jesús Tisnado to third
Batting: RHB Jim Beck 0-0: Ball
1-0: Called Strike
1-1: Swinging Strike
1-2: SINGLE (Line Drive, 3D)
Jesús Tisnado scores
Cristo García to second
Batting: RHB José Martínez 0-0: Called Strike
0-1: Swinging Strike
0-2: SINGLE (Line Drive, 4M)
Cristo García to third
Jim Beck to second
Pitching: RHP Atsushi Kataoka
Batting: RHB Raúl Bauza 0-0: Ball
1-0: Foul Ball, location: 2F
1-1: Ball
2-1: Ball
3-1: Base on Balls
Cristo García scores
Jim Beck to third
José Martínez to second
Batting: LHB Martin Davis 0-0: Swinging Strike
0-1: Fly out, F9 (Flyball, 9M)
Top of the 5th over - 2 run(s), 4 hit(s), 0 error(s), 3 left on base; Otsego 4 - Amarillo 4
BOTTOM OF THE 5TH
Amarillo Archdukes batting - Pitching for Otsego Bulldogs : RHP Juan Moreno
Batting: LHB Chris Pryor 0-0: Ball
1-0: Ball
2-0: Ball
3-0: Base on Balls
Batting: RHB Tim Chambers 0-0: Ball
1-0: Grounds into double play, 5-4-3 (Groundball, 5)
Batting: LHB Howard Lambert 0-0: Called Strike
0-1: Foul Ball, location: 2F
0-2: SINGLE (Groundball, 4MD)
Batting: RHB Jorge Espinosa 0-0: Ball
1-0: Ball
2-0: Ball
3-0: Base on Balls
Howard Lambert to second
Batting: RHB Nobuharu Hoshino 0-0: Foul Ball, location: 2F
0-1: Hit by Pitch
Howard Lambert to third
Jorge Espinosa to second
Batting: RHB José Tamayo 0-0: Called Strike
0-1: Called Strike
0-2: Foul Ball, location: 2F
0-2: Fly out, F7 (Flyball, 78D)
Bottom of the 5th over - 0 run(s), 1 hit(s), 0 error(s), 3 left on base; Otsego 4 - Amarillo 4
TOP OF THE 6TH
Otsego Bulldogs batting - Pitching for Amarillo Archdukes : RHP Atsushi Kataoka
Batting: RHB Luis Antonio Velásquez 0-0: Ground out 4-3 (Groundball, 4M)
Batting: RHB Felipe Rego 0-0: Called Strike
0-1: Ball
1-1: Foul Ball, location: 2F
1-2: SINGLE (Groundball, 56D)
Batting: LHB George Wood 0-0: Ball
1-0: Ball
2-0: Foul Ball, location: 2F
2-1: Fly out, F3 (Popup, 34)
Batting: RHB Jesús Tisnado 0-0: Ball
1-0: Called Strike
1-1: Foul Ball, location: 2F
1-2: Strikes out swinging
Top of the 6th over - 0 run(s), 1 hit(s), 0 error(s), 1 left on base; Otsego 4 - Amarillo 4
BOTTOM OF THE 6TH
Amarillo Archdukes batting - Pitching for Otsego Bulldogs : RHP Juan Moreno
Pitching: LHP Mario Solíz
Batting: RHB Mark Roy 0-0: Ball
1-0: Swinging Strike
1-1: Ball
2-1: Ground out 5-3 (Groundball, 5S)
Batting: LHB Jorge Martínez 0-0: Called Strike
0-1: Foul Ball, location: 2F
0-2: Ball
1-2: Ball
2-2: Foul Ball, location: 2F
2-2: Foul Ball, location: 2F
2-2: Strikes out swinging
Batting: RHB Ronald Parsons 0-0: Ball
1-0: Foul Ball, location: 2F
1-1: Fly out, F4 (Popup, 4MD)
Bottom of the 6th over - 0 run(s), 0 hit(s), 0 error(s), 0 left on base; Otsego 4 - Amarillo 4
TOP OF THE 7TH
Otsego Bulldogs batting - Pitching for Amarillo Archdukes : RHP Atsushi Kataoka
Batting: RHB Cristo García 0-0: Ball
1-0: DOUBLE (Flyball, 78D)
Batting: RHB Jim Beck 0-0: Intentional Walk
Batting: RHB José Martínez 0-0: Ball
1-0: Ball
2-0: Bunted foul
2-1: Sac Bunt - play at first, batter OUT! 1-4
Cristo García to third
Jim Beck to second
Pitching: RHP Larry Pérez
Batting: RHB Raúl Bauza 0-0: DOUBLE (Line Drive, 7LS)
Cristo García scores
Jim Beck scores
Batting: LHB Martin Davis 0-0: Called Strike
0-1: Called Strike
0-2: Ball
1-2: Strikes out looking
Batting: RHB Luis Antonio Velásquez 0-0: Ball
1-0: Fly out, F9 (Flyball, 9S)
Top of the 7th over - 2 run(s), 2 hit(s), 0 error(s), 1 left on base; Otsego 6 - Amarillo 4
BOTTOM OF THE 7TH
Amarillo Archdukes batting - Pitching for Otsego Bulldogs : LHP Mario Solíz
Batting: LHB Chris Pryor 0-0: Called Strike
0-1: Called Strike
0-2: Ball
1-2: Strikes out looking
Batting: RHB Tim Chambers 0-0: Called Strike
0-1: Ball
1-1: Ball
2-1: Ball
3-1: SINGLE (Line Drive, 56D)
Batting: LHB Howard Lambert 0-0: Ball
1-0: Ball
2-0: Fly out, F3 (Popup, 23F)
Batting: RHB Jorge Espinosa 0-0: Ball
1-0: Ball
2-0: Ball
3-0: Base on Balls
Tim Chambers to second
Batting: RHB Nobuharu Hoshino 0-0: Ball
1-0: Foul Ball, location: 2F
1-1: Ball
2-1: Foul Ball, location: 2F
2-2: Foul Ball, location: 2F
2-2: Ball
3-2: SINGLE (Flyball, 89S)
Tim Chambers to third
Jorge Espinosa to second
Tim Chambers scores
Jorge Espinosa to third
Batting: RHB José Tamayo 0-0: Ball
1-0: Foul Ball, location: 2F
1-1: SINGLE (Line Drive, 6M)
Jorge Espinosa scores
Nobuharu Hoshino to second
Pinch Hitting: RHB Domingo Bueno 0-0: Called Strike
0-1: Ball
1-1: Swinging Strike
1-2: Strikes out swinging
Bottom of the 7th over - 2 run(s), 3 hit(s), 0 error(s), 2 left on base; Otsego 6 - Amarillo 6
TOP OF THE 8TH
Otsego Bulldogs batting - Pitching for Amarillo Archdukes : RHP Larry Pérez
Now at 3B: Mitsuoki Taguchi
Batting: RHB Felipe Rego 0-0: Ball
1-0: Fly out, F2 (Popup, 2RF)
Batting: LHB George Wood 0-0: Ball
1-0: Ball
2-0: Foul Ball, location: 2F
2-1: Ball
3-1: Base on Balls
Pinch Runner at 1st Donald White:
Batting: RHB Jesús Tisnado 0-0: Ball
1-0: Foul Ball, location: 2F
1-1: Fly out, F4 (Popup, 4D)
Batting: RHB Cristo García 0-0: Ball
Donald White steals 2nd base
1-0: Ball
2-0: Called Strike
2-1: DOUBLE (Line Drive, 8LS)
Donald White scores
Batting: RHB Jim Beck 0-0: Ball
1-0: Fly out, F8 (Flyball, 8RD)
Top of the 8th over - 1 run(s), 1 hit(s), 0 error(s), 1 left on base; Otsego 7 - Amarillo 6
BOTTOM OF THE 8TH
Amarillo Archdukes batting - Pitching for Otsego Bulldogs : LHP Mario Solíz
Now at 1B: Juan Pérez
Batting: LHB Jorge Martínez 0-0: Ball
1-0: Ball
2-0: Ball
3-0: Called Strike
3-1: Called Strike
3-2: Foul Ball, location: 2F
3-2: Ground out 3-1 (Groundball, 34)
Pitching: RHP Manny Benavides
Batting: RHB Ronald Parsons 0-0: Called Strike
0-1: Ball
1-1: Foul Ball, location: 2F
1-2: Fly out, F8 (Flyball, 78XD)
Batting: LHB Chris Pryor 0-0: Ground out 4-3 (Groundball, 4)
Bottom of the 8th over - 0 run(s), 0 hit(s), 0 error(s), 0 left on base; Otsego 7 - Amarillo 6
TOP OF THE 9TH
Otsego Bulldogs batting - Pitching for Amarillo Archdukes : RHP Larry Pérez
Batting: RHB José Martínez 0-0: Called Strike
0-1: Ball
1-1: SINGLE (Groundball, 56D)
Batting: RHB Raúl Bauza 0-0: Fielders Choice at 2nd, 5-4 (Groundball, 5)
Batting: LHB Martin Davis 0-0: Called Strike
0-1: Ball
1-1: Reached on error, E6 (Groundball, 6)
Raúl Bauza to second
Batting: RHB Luis Antonio Velásquez 0-0: Grounds into double play, 6-4-3 (Groundball, 6)
Top of the 9th over - 0 run(s), 1 hit(s), 1 error(s), 1 left on base; Otsego 7 - Amarillo 6
BOTTOM OF THE 9TH
Amarillo Archdukes batting - Pitching for Otsego Bulldogs : RHP Manny Benavides
Pitching: RHP Ricardo Trujillo
Now at SS: Kyung-bok Cho
Batting: RHB Tim Chambers 0-0: Called Strike
0-1: Ball
1-1: Swinging Strike
1-2: Foul Ball, location: 2F
1-2: Foul Ball, location: 2F
1-2: Strikes out looking
Batting: LHB Howard Lambert 0-0: Ball
1-0: Called Strike
1-1: Foul Ball, location: 2F
1-2: Ball
2-2: Ball
3-2: Ground out 4-3 (Groundball, 34)
Batting: RHB Jorge Espinosa 0-0: Ball
1-0: Called Strike
1-1: Foul Ball, location: 2F
1-2: Strikes out swinging
Bottom of the 9th over - 0 run(s), 0 hit(s), 0 error(s), 0 left on base; Otsego 7 - Amarillo 6
Monday, December 5th, 2016 - OOTP Baseball 17.12 Build 75